 Dungeon Crawl Stone Soup version 0.30.2 (webtiles) character file.

Game seed: 3318351677699822981

25601 porpoise the Severer (level 12, -6/95 HPs)
             Began as a Demonspawn Gladiator on Jan 28, 2024.
             Was a High Priest of Ru.
             Mangled by a salamander
             ... wielding a +3 halberd of protection
              (10 damage)
             ... on level 3 of the Lair of Beasts on Jan 29, 2024.
             The game lasted 00:50:50 (15516 turns).

porpoise the Severer (Demonspawn Gladiator)        Turns: 15516, Time: 00:50:51

Health: -6/95      AC: 19    Str: 19    XL:     12   Next: 90%
Magic:  12/12      EV: 18    Int:  9    God:    Ru [*****.]
Gold:   922        SH:  0    Dex: 16    Spells: 11/11 levels left

rFire   . . .        a - +2 broad axe (elec)
rCold   . . .        (shield unavailable)
rNeg    . . .        K - +2 steam dragon scales
rPois   .            D - +0 helmet
rElec   .            e - +2 cloak "Ytoggim" {Will+}
rCorr   .            c - +0 pair of gloves
SInv    .            L - +0 pair of boots
Will    +....        (no amulet)
Stlth   +            (ring unavailable)
HPRegen 0.35/turn    n - +4 ring of protection
MPRegen 0.13/turn

%: no passive effects
@: unable to drink
A: repulsion field 2, foul stench 2, spiny 3, inability to drink after injury 2,
missing a hand, inability to use devices
a: Renounce Religion, Draw Out Power, Power Leap, Apocalypse


You were on level 3 of the Lair of Beasts.
You worshipped Ru.
Ru was extremely pleased with you.
You visited 3 branches of the dungeon, and saw 15 of its levels.

You collected 922 gold pieces.

Inventory:

Hand Weapons
 a - a +2 broad axe of electrocution (weapon)
 b - a +0 sling
 w - a +4 flail of draining
Missiles
 I - 2 curare-tipped darts (quivered)
Armour
 c - a +0 pair of gloves (worn)
 e - the +2 cloak "Ytoggim" (worn) {Will+}
   (You found it on level 9 of the Dungeon)

   Will:      It increases your willpower.
 D - a +0 helmet (worn)
 K - +2 steam dragon scales (worn)
 L - a +0 pair of boots (worn)
Jewellery
 n - a +4 ring of protection (right hand)
Scrolls
 h - 6 scrolls of teleportation
 k - a scroll of vulnerability
 p - 6 scrolls of magic mapping
 q - 6 scrolls of poison
 s - 5 scrolls of fear
 t - a scroll of silence {unknown}
 u - a scroll of acquirement {unknown}
 y - 2 scrolls of fog
 B - a scroll of immolation {unknown}
 H - 2 scrolls of blinking
 U - a scroll of summoning
Potions
 d - a potion of lignification {unknown}
 f - a potion of haste
 i - 2 potions of resistance
 o - a potion of heal wounds
 v - 2 potions of attraction
 C - 2 potions of invisibility
 F - a potion of cancellation
 M - 9 potions of curing
 V - 2 potions of ambrosia


   Skills:
 - Level 9.0 Fighting
 + Level 16.1 Axes
 - Level 1.7 Throwing
 - Level 7.0 Armour
 - Level 7.0 Dodging


You had 11 spell levels left.
You didn't know any spells.
Your spell library contained the following spells:

 Spells                   Type           Power      Damage    Failure   Level
 Ensorcelled Hibernation  Hex/Ice        0%         N/A       52%         2
 Passwall                 Tmut/Erth      0%         N/A       52%         2
 Hailstorm                Conj/Ice       0%         3d3       77%         3
 Inner Flame              Hex/Fire       0%         N/A       77%         3
 Ozocubu's Armour         Ice            0%         N/A       77%         3
 Spider Form              Tmut/Pois      0%         N/A       77%         3
 Swiftness                Air            0%         N/A       77%         3
 Anguish                  Hex/Necr       0%         N/A       99%         4
 Ice Form                 Ice/Tmut       0%         N/A       99%         4
 Metabolic Englaciation   Hex/Ice        0%         N/A       100%        5
 Yara's Violent Unravell  Hex/Tmut       0%         3d3       100%        5
 Simulacrum               Ice/Necr       0%         N/A       100%        6
 Enfeeble                 Hex            0%         N/A       100%        7


Dungeon Overview and Level Annotations

Branches:
Dungeon (11/15)            Temple (1/1) D:4            Lair (3/5) D:9
  Snake (0/4) Lair:3          Orc (0/2) D:9
  Swamp: Lair:2-3    Shoals: Lair:2-3

Altars:
Ashenzari
Cheibriados
Dithmenos
Fedhas
Gozag
Hepliaklqana
Kikubaaqudgha
Makhleb
Nemelex Xobeh
Okawaru
Qazlal
Ru
Sif Muna
Trog
Uskayaw
Vehumet
Wu Jian
Xom
Yredelemnul

Annotations:
D:4 3 runed translucent doors, NebNova's ghost, amateur HOFi; porpoise's ghost, amateur MiHu
D:10 exclusion: upstairs
Temple 2 transporters


Innate Abilities, Weirdness & Mutations

You are surrounded by a moderate repulsion field. (EV +3)
You sometimes emit foul miasma when damaged in melee.
You are completely covered in sharp spines.
You sometimes lose the ability to drink potions when taking damage.
You are missing a hand.
You cannot study or use magical devices.


Message History

The lava snake bites you.
You are engulfed in flames.
You focus your inner power and slow the lava snake in retribution!
You barely miss the lava snake.
The lava snake is moderately wounded.
The salamander hits you from afar with a +3 halberd of protection!
You are engulfed in flames!
You feel threatened and lose the ability to drink potions!
You miss the lava snake.
The lava snake is moderately wounded.
The lava snake is struck by your spines.
You kill the lava snake!
The salamander hits you from afar with a +3 halberd of protection!
You are engulfed in flames!
You focus your inner power and slow the salamander in retribution!
A nearby fungus withers and dies.
The lava snake spits lava at you. The glob of lava hits you!
* * * LOW HITPOINT WARNING * * *
The lava snake spits lava at you. The glob of lava hits you.
* * * LOW HITPOINT WARNING * * *
You focus your inner power and paralyse the lava snake in retribution!
The lava snake is no longer paralysed.
The lava snake begins to attack, but is stunned by your conviction!
You start resting.
A salamander is nearby!
You are too injured to fight recklessly!
You are too injured to fight recklessly!
You slice the salamander!!
The salamander is moderately wounded.
The salamander is no longer moving slowly.
The salamander is struck by your spines.
The salamander hits you with a +3 halberd of protection.
* * * LOW HITPOINT WARNING * * *
You are engulfed in flames!
* * * LOW HITPOINT WARNING * * *
You closely miss the salamander.
The salamander is moderately wounded.
The salamander hits you with a +3 halberd of protection!
You die...

### ##### #.########....
######.##...†.....
#.##........##....
#.......##P.##....
..#.###.N...########....
.......@#.)## #P....
...####.#..P# #.....
####N## ##.... #...#
#..... #≈..S# ##....
§§§.SS§# ###.# #§....§§#
####.. #≈..>§≈≈# #.#.##
#≈≈...≈§# #.....


You could see a salamander.

Vanquished Creatures
  Erolcha (D:9)
  Harold (Lair:1)
  A catoblepas (Lair:1)
  Erica (Lair:1)
  2 boulder beetles
  5 death yaks (Lair:2)
  A lindwurm (Lair:3)
  Pikel (D:6)
  A cyclops (D:9)
  A salamander (Lair:3)
  4 elephants (Lair:1)
  Joseph (D:8)
  Maurice (D:8)
  A black mamba (Lair:1)
  2 cane toads
  Maggie (D:6)
  A torpor snail (Lair:1)
  2 kobold demonologists (D:9)
  2 rime drakes
  4 komodo dragons
  A troll (D:10)
  A polar bear (Lair:2)
  3 blink frogs (Lair:1)
  Sigmund (D:5)
  23 yaks
  5 wyverns
  2 basilisks
  Edmund (D:4)
  Menkaure (D:6)
  4 wargs (D:9)
  6 water moccasins
  A swamp drake (D:9)
  5 orc warriors
  2 black bears (D:5)
  4 ogres
  A centaur (D:9)
  A phantom (D:6)
  9 wolves (Lair:1)
  4 lemures (D:6)
  5 kobold brigands
  9 bullfrogs
  4 scorpions
  5 wights (D:6)
  18 killer bees
  4 electric eels (D:10)
  3 howler monkeys
  4 lava snakes
  2 hounds (D:5)
  13 orc priests
  3 jellies
  Ijyb (D:3)
  2 iguanas
  14 orc wizards
  12 adders
  7 gnolls (D:5)
  2 shadow imps (D:5)
  3 worms
  3 dart slugs
  51 orcs
  19 bats
  3 endoplasms
  A giant cockroach (D:1)
  10 goblins
  8 hobgoblins
  2 quokkas
  3 ball pythons
  24 kobolds
  7 rats
351 creatures vanquished.

Vanquished Creatures (others)
  A wizard (D:3)
  A kobold (D:9)
2 creatures vanquished.

Grand Total: 353 creatures vanquished

Notes
Turn   | Place    | Note
-------+----------+-------------------------------------------
     0 | D:1      | porpoise the Demonspawn Gladiator began the quest for the
                  | Orb.
     0 | D:1      | Reached XP level 1. HP: 16/16 MP: 1/1
    62 | D:1      | Reached skill level 3 in Axes
   217 | D:1      | Gained mutation: You are partially covered in sharp spines.
                  | [demonic ancestry]
   217 | D:1      | Reached XP level 2. HP: 22/22 MP: 2/2
   628 | D:2      | Reached XP level 3. HP: 21/28 MP: 3/3
  1052 | D:2      | Reached skill level 4 in Axes
  1101 | D:2      | Reached XP level 4. HP: 33/34 MP: 4/4
  1465 | D:3      | Noticed Ijyb
  1484 | D:3      | Killed Ijyb
  1544 | D:3      | Found a faded altar of an unknown god.
  1606 | D:3      | Noticed an ogre
  1613 | D:3      | Killed an ogre
  1614 | D:3      | Reached skill level 5 in Axes
  1614 | D:3      | Gained mutation: You may rarely emit foul miasma when
                  | damaged in melee. [demonic ancestry]
  1614 | D:3      | Reached XP level 5. HP: 39/42 MP: 5/5
  1694 | D:3      | Found a bloodstained altar of Trog.
  1695 | D:3      | Noticed a wizard
  1700 | D:3      | Killed a wizard
  2017 | D:4      | Found a staircase to the Ecumenical Temple.
  2067 | D:4      | Gained mutation: You are mostly covered in sharp spines.
                  | [demonic ancestry]
  2067 | D:4      | Reached XP level 6. HP: 45/48 MP: 6/6
  2070 | Temple   | Entered the Ecumenical Temple
  2070 | Temple   | Found a transporter.
  2070 | Temple   | Found a transporter.
  2078 | Temple   | Found a transporter.
  2078 | Temple   | Found a transporter.
  2134 | Temple   | Became a worshipper of Ru the Awakened
  2178 | D:4      | Noticed Edmund
  2188 | D:4      | Killed Edmund
  2527 | D:4      | Found a shadowy altar of Dithmenos.
  2561 | D:4      | Found a runed translucent gate.
  2581 | D:4      | Reached skill level 6 in Axes
  2677 | D:4      | Found a runed translucent gate.
  2678 | D:4      | Found a runed translucent gate.
  2678 | D:4      | Noticed porpoise's ghost (amateur MiHu)
  2679 | D:4      | Noticed NebNova's ghost (amateur HOFi)
  2997 | D:5      | Entered Level 5 of the Dungeon
  3035 | D:5      | Found a shadowy altar of Dithmenos.
  3080 | D:5      | Gained mutation: You are completely covered in sharp
                  | spines. [demonic ancestry]
  3080 | D:5      | Reached XP level 7. HP: 54/55 MP: 7/7
  3345 | D:5      | Noticed Sigmund
  3347 | D:5      | Found a blossoming altar of Fedhas.
  3362 | D:5      | Killed Sigmund
  3363 | D:5      | Reached skill level 5 in Fighting
  3363 | D:5      | Reached skill level 7 in Axes
  3394 | D:5      | Gained mutation: You are missing a hand. [Ru sacrifice]
  3394 | D:5      | Reached * piety under Ru
  3394 | D:5      | Reached ** piety under Ru
  3615 | D:5      | Found a sparkling altar of Nemelex Xobeh.
  3651 | D:5      | Gained mutation: You are surrounded by a mild repulsion
                  | field. (EV +2) [demonic ancestry]
  3651 | D:5      | Reached XP level 8. HP: 62/63 MP: 8/8
  4177 | D:6      | Reached skill level 8 in Axes
  4532 | D:6      | Noticed Pikel
  4549 | D:6      | Killed Pikel
  4550 | D:6      | Reached skill level 9 in Axes
  4772 | D:6      | Gained mutation: You sometimes emit foul miasma when
                  | damaged in melee. [demonic ancestry]
  4772 | D:6      | Reached XP level 9. HP: 72/72 MP: 9/9
  4805 | D:6      | Noticed Maggie
  4818 | D:6      | Killed Maggie
  4819 | D:6      | Reached skill level 1 in Armour
  5252 | D:6      | Noticed Menkaure
  5256 | D:6      | Killed Menkaure
  5433 | D:7      | Reached skill level 10 in Axes
  6089 | D:8      | Gained mutation: You cannot study or use magical devices.
                  | [Ru sacrifice]
  6089 | D:8      | Reached *** piety under Ru
  6089 | D:8      | Reached **** piety under Ru
  6089 | D:8      | Reached ***** piety under Ru
  6181 | D:8      | Noticed Maurice
  6192 | D:8      | Killed Maurice
  6262 | D:8      | Reached XP level 10. HP: 79/79 MP: 10/10
  6387 | D:8      | Reached skill level 11 in Axes
  6387 | D:8      | Reached skill level 5 in Dodging
  6432 | D:8      | Noticed Joseph
  6442 | D:8      | Killed Joseph
  7221 | D:9      | Noticed Erolcha
  7235 | D:9      | Killed Erolcha
  7353 | D:9      | Reached skill level 5 in Armour
  7383 | D:9      | Noticed a sixfirhy
  7398 | D:9      | Reached skill level 12 in Axes
  7825 | D:9      | Found a staircase to the Orcish Mines.
  7979 | D:9      | Reached XP level 11. HP: 46/84 MP: 11/11
  7980 | D:9      | Reached skill level 13 in Axes
  8394 | D:9      | Found a staircase to the Lair.
  8441 | D:9      | Identified the +2 cloak "Ytoggim" {Will+}
  8558 | D:9      | Identified the staff of cold "Poommam" {Fragile rC+ Dex+4
                  | Stlth+}
  8773 | D:9      | Found a broken altar of Ashenzari.
  9337 | D:10     | Entered Level 10 of the Dungeon
  9559 | D:10     | Reached skill level 14 in Axes
  9973 | D:10     | Noticed a boulder beetle
  9993 | D:10     | Killed a boulder beetle
 10605 | Lair:1   | Entered Level 1 of the Lair of Beasts
 10683 | Lair:1   | Reached skill level 15 in Axes
 11050 | Lair:1   | Gained mutation: You are surrounded by a moderate repulsion
                  | field. (EV +3) [demonic ancestry]
 11050 | Lair:1   | Reached XP level 12. HP: 87/91 MP: 12/12
 11156 | Lair:1   | Noticed Erica
 11186 | Lair:1   | Killed Erica
 11324 | Lair:1   | Noticed Harold
 11336 | Lair:1   | Killed Harold
 11337 | Lair:1   | Reached skill level 16 in Axes
 11710 | Lair:1   | Noticed a catoblepas
 11710 | Lair:1   | Noticed a boulder beetle
 11727 | Lair:1   | Killed a boulder beetle
 11737 | Lair:1   | Killed a catoblepas
 13367 | Lair:1   | Gained mutation: You occasionally lose the ability to drink
                  | potions when taking damage. [Ru sacrifice]
 13367 | Lair:1   | Gained mutation: You sometimes lose the ability to drink
                  | potions when taking damage. [Ru sacrifice]
 13733 | Lair:2   | Found a hazy altar of Hepliaklqana.
 14158 | Lair:2   | Noticed a death yak
 14177 | Lair:2   | Killed a death yak
 14267 | Lair:2   | Noticed a death yak
 14267 | Lair:2   | Noticed a death yak
 14279 | Lair:2   | Noticed a death yak
 14279 | Lair:2   | Noticed a death yak
 14282 | Lair:2   | Killed a death yak
 14308 | Lair:2   | Killed a death yak
 14313 | Lair:2   | Killed a death yak
 14313 | Lair:2   | HP: 2/93 [death yak (12)]
 14314 | Lair:2   | Killed a death yak
 15500 | Lair:3   | Found a staircase to the Snake Pit.
 15515 | Lair:3   | HP: 4/95 [salamander/+3 halberd of protection (13)]
 15516 | Lair:3   | Mangled by a salamander

Illustrated notes

Levels and vault maps discovered:
D:1:      dpeg_arrival_chambers_temple_mockup, layout_rooms
D:2:      layout_basic, minivault_26
D:3:      layout_rooms, trog_wizard, shapermc_ecumenical_altar_starsandcircs,
          grunt_decor_resistance, lemuel_flame_loot_1, uniq_ijyb
D:4:      layout_loops_ring, nicolae_overflow_crystal_walls,
          minmay_temple_entry_crystal_x, gammafunk_ghost_cemetery,
          kennysheep_doodads, roderic_batcave, minmay_gold_behind_fungi,
          kennysheep_pointless_box, uniq_edmund
D:5:      layout_basic, fedhas_ov_isle_minmay, hangedman_feature_mirror,
          small_statue_intersection, uniq_sigmund
D:6:      layout_basic, kennysheep_dice, uniq_menkaure, uniq_pikel, uniq_maggie
D:7:      layout_rooms
D:8:      layout_loops_corners, nicolae_water_bricks, uniq_joseph, uniq_maurice
D:9:      layout_cave_pools, cheibrodos_ashenzari_chains, erik_lair_dragon,
          minmay_orc_entry_guard_dogs, serial_rivers,
          chequers_serial_rivers_micro_d, chequers_serial_rivers_micro_b,
          chequers_serial_rivers_micro_d, chequers_serial_rivers_micro_c,
          chequers_serial_rivers_large_b, st_stairs_6,
          minmay_misc_feat_nine_boxes, kennysheep_island_fort, uniq_erolcha
D:10:     layout_big_octagon, zin_treasury, minmay_orc_keep
D:11:     layout_basic
Temple:   hellmonk_temple_divided_pantheon
Lair:1:   layout_layer_cave, minmay_hedge_maze, uniq_erica, uniq_harold
Lair:2:   layout_hall_layers, basic_altar, grunt_megastairs_3
Lair:3:   layout_roguey, swamp_mist, nicolae_snake_entry_warm_welcome,
          nicolae_lair_lindhole, infiniplex_staircase_pool_2

Skill      XL: |  1  2  3  4  5  6  7  8  9 10 11 12 |
---------------+-------------------------------------+-----
Axes           | 3 4 5 6 7 9 10 12 15 16 | 16.1
Fighting       | 3 4 5 7 9 |  9.0
Armour         | 3 5 7 |  7.0
Dodging        | 4 5 7 |  7.0
Throwing       | |  1.7

Action                     |  1- 3 |  4- 6 |  7- 9 | 10-12 || total
---------------------------+-------+-------+-------+-------++-------
  Melee: War axe           |    22 |    26 |       |       ||    48
         Flail             |       |    25 |       |       ||    25
         Broad axe         |       |     4 |   187 |   886 ||  1077
   Fire: Sling             |    95 |    49 |     9 |   218 ||   371
  Throw: Throwing net      |       |       |       |     3 ||     3
         Dart              |       |       |       |    10 ||    10
 Invoke: Sacrifice a Hand  |       |       |     1 |       ||     1
         Sacrifice Artific |       |       |     1 |       ||     1
         Apocalypse        |       |       |       |     1 ||     1
         Power Leap        |       |       |       |     1 ||     1
         Sacrifice Drink   |       |       |       |     1 ||     1
    Use: Scroll            |       |     9 |     7 |    11 ||    27
         Potion            |       |     1 |     1 |     1 ||     3
   Stab: Sleeping          |       |     3 |     1 |     1 ||     5
         Distracted        |       |     1 |       |     4 ||     5
         Invisible         |       |       |     2 |     3 ||     5
         Paralysed         |       |       |       |    10 ||    10
         Held in net/web   |       |       |       |     1 ||     1
 Armour: Leather armour    |    11 |    11 |     7 |       ||    29
         Ring mail         |       |       |    33 |       ||    33
         Steam dragon scal |       |       |    19 |   128 ||   147
  Dodge: Dodged            |    37 |    37 |   100 |   241 ||   415
